 Dungeon Crawl Stone Soup version 0.31-a0-4-gefa6de2278 (webtiles) character file.

Game seed: 7521266492229345995

1401 mopl the Tainter (level 9, 0/59 HPs)
             Began as a Formicid Venom Mage on May 3, 2023.
             Was a Believer of Okawaru.
             Slain by a sleepcap (4 damage)
             ... on level 5 of the Dungeon.
             The game lasted 00:07:26 (3471 turns).

mopl the Tainter (Formicid Venom Mage)              Turns: 3471, Time: 00:07:26

Health: 0/59       AC: 10    Str: 16    XL:     9   Next: 1%
Magic:  13/13      EV: 11    Int: 16    God:    Okawaru [**....]
Gold:   252        SH:  0    Dex: 14    Spells: 9/14 levels left

rFire   . . .        a - +2 dagger (drain)
rCold   . . .        (no shield)
rNeg    . . .        i - quicksilver dragon scales
rPois   .            (helmet unavailable)
rElec   .            (no cloak)
rCorr   .            x - +0 pair of gloves
SInv    +            (no boots)
Will    +....        (no amulet)
Stlth   +            d - +4 ring of slaying
HPRegen 0.29/turn    (no ring)
MPRegen 0.13/turn

%: no passive effects
@: no status effects
A: permanent stasis, dig shafts and tunnels, antennae 3, four strong arms
a: Dig, Shaft Self, Renounce Religion, Heroism


You were on level 5 of the Dungeon.
You worshipped Okawaru.
Okawaru was pleased with you.
You visited 1 branch of the dungeon, and saw 6 of its levels.

You collected 252 gold pieces.

Inventory:

Hand Weapons
 a - a +2 dagger of draining (weapon)
 z - a +1 trident of freezing
Missiles
 s - 15 poisoned darts
 u - 3 boomerangs
Armour
 i - quicksilver dragon scales (worn)
 v - a +2 robe of fire resistance
 x - a +0 pair of gloves (worn)
Jewellery
 d - a +4 ring of slaying (left hand)
Wands
 A - a wand of roots (5)
Scrolls
 c - 2 scrolls of enchant armour {unknown}
 g - 4 scrolls of teleportation {unknown}
 h - 2 scrolls of magic mapping {unknown}
 p - a scroll of silence {unknown}
 q - 2 scrolls of fog {unknown}
 r - 3 scrolls of enchant weapon {unknown}
 t - 5 scrolls of identify {unknown}
 y - a scroll of amnesia {unknown}
 B - a scroll of noise {unknown}
 C - a scroll of poison {unknown}
Potions
 b - a potion of magic
 e - a potion of brilliance {unknown}
 f - a potion of lignification {unknown}
 j - 2 potions of mutation {unknown}
 k - a potion of curing {unknown}
 l - a potion of haste {unknown}
 m - a potion of attraction {unknown}
 n - a potion of ambrosia {unknown}
 o - 2 potions of resistance
 w - a potion of might {unknown}


   Skills:
 + Level 1.3 Fighting
 + Level 1.3 Armour
 + Level 2.2 Dodging
 - Level 2.4 Stealth
 - Level 3.0 Spellcasting
 - Level 1.1 Transmutations
 + Level 12.9 Poison Magic
 + Level 1.6 Invocations
 + Level 1.3 Evocations


You had 9 spell levels left.
You knew the following spells:

 Your Spells              Type           Power      Damage    Failure   Level
a - Sting                 Tmut/Pois      96%        1d7       1%          1
o - Olgreb's Toxic Radia  Pois           43%        N/A       1%          4

Your spell library contained the following spells:

 Spells                   Type           Power      Damage    Failure   Level
 Poisonous Vapours        Pois/Air       46%        N/A       3%          2
 Spider Form              Tmut/Pois      24%        N/A       6%          3
 Mephitic Cloud           Conj/Pois/Air  16%        N/A       19%         3
 Beastly Appendage        Tmut           10%        N/A       22%         1
 Wereblood                Tmut           5%         N/A       34%         2


Dungeon Overview and Level Annotations

Branches:
Dungeon (6/15)
 Temple: D:4-7

Altars:
Dithmenos
Okawaru

Shops:
D:1 !   D:5 :

Annotations:
D:5 2 transporters, AntGuy's ghost, amateur HOFi
D:6 Edmund


Innate Abilities, Weirdness & Mutations

You cannot be hasted, slowed, berserked, paralysed or teleported.
You can dig through walls and to a lower floor.
You have a pair of large antennae on your head. (SInv)
Your four strong arms can wield two-handed weapons with a shield.


Message History

The sleepcap barely misses you. The phantom misses you.
You puncture the phantom!
The phantom is almost destroyed.
The phantom hits you.
The sleepcap releases spores at you but does no damage.
You barely miss the phantom.
The phantom is almost destroyed.
The sleepcap releases spores at you.
You are engulfed in a cloud of soporific spores!
You fall asleep.
The phantom hits you!
You wake up.
* * * LOW HITPOINT WARNING * * *
Unknown command.
Unknown command.
Unknown command.
You hit the phantom but do no damage.
The phantom is almost destroyed.
The sleepcap releases spores at you but does no damage.
The phantom hits you but does no damage.
You barely miss the phantom.
The phantom is almost destroyed.
The phantom closely misses you. The sleepcap releases spores at you!
* * * LOW HITPOINT WARNING * * *
You are engulfed in a cloud of soporific spores!
You are unaffected.
You hit the phantom. You punch the phantom.
You destroy the phantom!
Okawaru accepts your kill. The sleepcap releases spores at you.
* * * LOW HITPOINT WARNING * * *
You have reached level 9!
Your experience leads to an increase in your attributes!
Increase (S)trength, (I)ntelligence, or (D)exterity?
You feel stronger. x2
You hit the sleepcap but do no damage.
The sleepcap releases spores at you but does no damage.
You hit the sleepcap but do no damage. You drain the sleepcap.
The sleepcap is lightly damaged.
The sleepcap releases spores at you.
You die...

......##.# ##...## ######.#
≈.###.##.#######...[.####......#
≈.# #....).....[.....[).).######
..###.##.#######.....####<#
...........# ##...## #.#####
.#######...#######.## #.....# .#
###.........######.###.## .#
######.#####f......#...#...#
.####...##.# #@#####.#...#...##
....<<...#.# #.# #...........
.........#.# #.# #...........
####.....#.# ###.# #...........
##...##.# #...#####.#...#...#.
##########.#
#.#.......#...#.#...
...........#
#.##########.##...##
############ #.# #.###### #.#
#.#


You could see a sleepcap (very drained).

Vanquished Creatures
  Pikel (D:4)
  An ice beast (D:3)
  2 lemures (D:3)
  A phantom (D:5)
  A kobold brigand (D:5)
  4 scorpions
  2 hounds (D:5)
  4 iguanas (D:5)
  Jessica (D:2)
  4 orc wizards
  Robin (D:1)
  4 gnolls
  4 adders (D:2)
  2 white imps
  2 ufetubi
  A worm (D:2)
  A dart slug (D:3)
  9 orcs
  4 endoplasms
  A giant cockroach (D:3)
  8 goblins
  10 hobgoblins
  2 jackals (D:1)
  5 quokkas
  8 ball pythons
  2 bats
  3 frilled lizards (D:3)
  12 kobolds
  3 rats
103 creatures vanquished.

Vanquished Creatures (others)
  A plant (D:1)
1 creature vanquished.

Grand Total: 104 creatures vanquished

Notes
Turn   | Place    | Note
-------+----------+-------------------------------------------
     0 | D:1      | mopl the Formicid Venom Mage began the quest for the Orb.
     0 | D:1      | Reached XP level 1. HP: 13/13 MP: 3/3
   158 | D:1      | Reached XP level 2. HP: 14/19 MP: 0/5
   352 | D:1      | Found Jucichu's Distillery.
   623 | D:2      | Noticed Robin
   712 | D:1      | Killed Robin
   713 | D:1      | Reached skill level 3 in Spellcasting
   713 | D:1      | Reached skill level 5 in Poison Magic
   713 | D:1      | Reached XP level 3. HP: 17/24 MP: 1/7
   884 | D:2      | Reached XP level 4. HP: 30/30 MP: 4/8
   889 | D:2      | Learned a level 4 spell: Olgreb's Toxic Radiance
   966 | D:2      | Noticed Jessica
   971 | D:2      | Killed Jessica
   972 | D:2      | Reached skill level 6 in Poison Magic
   980 | D:2      | Reached XP level 5. HP: 35/35 MP: 2/9
  1256 | D:2      | Found a faded altar of an unknown god.
  1560 | D:2      | Reached skill level 7 in Poison Magic
  1649 | D:3      | Found an iron altar of Okawaru.
  1659 | D:3      | Became a worshipper of Warmaster Okawaru
  1909 | D:3      | Reached XP level 6. HP: 41/41 MP: 1/10
  2173 | D:4      | Reached skill level 8 in Poison Magic
  2287 | D:4      | Noticed an ice beast
  2295 | D:4      | Noticed Pikel
  2439 | D:3      | Killed an ice beast
  2493 | D:4      | Killed Pikel
  2493 | D:4      | Reached * piety under Okawaru
  2494 | D:4      | Reached skill level 11 in Poison Magic
  2494 | D:4      | Reached XP level 7. HP: 20/46 MP: 6/11
  2494 | D:4      | Reached XP level 8. HP: 23/52 MP: 6/12
  2745 | D:5      | Entered Level 5 of the Dungeon
  2835 | D:5      | Found a transporter.
  2835 | D:5      | Found a shadowy altar of Dithmenos.
  2843 | D:5      | Reached skill level 12 in Poison Magic
  2843 | D:5      | Reached ** piety under Okawaru
  2861 | D:5      | Noticed AntGuy's ghost (amateur HOFi)
  2928 | D:5      | Found a transporter.
  3105 | D:5      | Found Tumnetud's Self-Improvement Boutique.
  3278 | D:5      | Reached skill level 2 in Dodging
  3278 | D:5      | Reached skill level 1 in Invocations
  3295 | D:5      | Reached skill level 1 in Fighting
  3295 | D:5      | Reached skill level 1 in Armour
  3295 | D:5      | Reached skill level 1 in Evocations
  3429 | D:6      | Noticed Edmund
  3470 | D:5      | Reached XP level 9. HP: 3/59 MP: 13/13
  3471 | D:5      | Slain by a sleepcap

Illustrated notes

Levels and vault maps discovered:
D:1:      denvon_arrival_planthouse, layout_rooms, serial_shops, shop,
          serial_bayou_pond_c
D:2:      layout_loops_ring, basic_ecumenical_altar, uniq_robin, uniq_jessica
D:3:      layout_rooms, mainiacjoe_overflow_six_doors_small
D:4:      layout_basic, minmay_goblin_outpost, uniq_pikel
D:5:      layout_loops_ring, mainiacjoe_overflow_small_starburst,
          gammafunk_ghost_stat_death, nicolae_shop_self_help
D:6:      layout_basic, minmay_temple_entry_grid, uniq_menkaure, uniq_edmund,
          uniq_maggie

Skill      XL: |  1  2  3  4  5  6  7  8 |
---------------+-------------------------+-----
Spellcasting   | 3 |  3.0
Poison Magic   | 5 6 7 11 12 | 12.9
Dodging        | 2 |  2.2
Invocations    | 1 |  1.6
Fighting       | 1 |  1.3
Armour         | 1 |  1.3
Evocations     | 1 |  1.3
Stealth        | |  2.4
Transmutations | |  1.1

Action                     |  1- 3 |  4- 6 |  7- 9 || total
---------------------------+-------+-------+-------++-------
  Melee: Unarmed           |     8 |       |       ||     8
         Short sword       |    25 |       |       ||    25
         Dagger            |     8 |    88 |    64 ||   160
         Punch             |     1 |     2 |     2 ||     5
   Cast: Sting             |    37 |    28 |       ||    65
         Olgreb's Toxic Ra |       |     6 |    11 ||    17
 Armour: Quicksilver drago |    17 |    34 |    31 ||    82
  Dodge: Dodged            |    26 |    50 |    39 ||   115

Table legend: (Time is in decaauts)
 A = Elapsed time spent in this place.
 B = Non-inter-level travel time spent in this place.
 C = Inter-level travel time spent in this place.
 D = Time resting spent in this place.
 E = Time spent auto-exploring this place.
 F = Levels seen in this place.
 G = Mean time per level.
                   A        B        C        D        E       F      G
               +--------+--------+--------+--------+--------+-----+--------+
         Total |   3481 |   3373 |    108 |    508 |   2054 |   6 |  580.2 |
       Dungeon |   3481 |   3373 |    108 |    508 |   2054 |   6 |  580.2 |
               +--------+--------+--------+--------+--------+-----+--------+

Top non-repeatable levels by time:
     D:2: 780 daAuts
     D:1: 746 daAuts
     D:5: 691 daAuts
     D:3: 637 daAuts
     D:4: 589 daAuts
     D:6: 34 daAuts
